[Event "Titled Tuesday Blitz July 11 Late 2023"]
[White "Tristan, Leonardo"]
[Black "Caruana, Fabiano"]
[WhiteFideId "113816"]
[BlackFideId "2020009"]
[WhiteElo "2781"]
[BlackElo "3121"]
[Result "1-0"]
[Round "3"]
[TimeControl "180+2"]
[Date "2023.07.11"]
[WhiteClock "0:00:03"]
[BlackClock "0:00:00"]
[Board "3"]

1. d4 d6 2. e4 Nf6 3. Nc3 g6 4. f4 c6 5. Nf3 b5 6. Bd3 b4 7. Ne2 Bg7 8. O-O a5 9. e5 Nd5 10. Ng3 Ba6 11. f5 dxe5 12. dxe5 Bxd3 13. Qxd3 Nd7 14. e6 fxe6 15. fxg6 Qb6+ 16. Kh1 Nc5 17. Qc4 hxg6 18. Qg4 O-O-O 19. Ne4 Kb7 20. a3 Nxe4 21. Qxe4 Bf6 22. axb4 axb4 23. Qxe6 Qb5 24. Bg5 Bxb2 25. Rab1 Rd6 26. Qf7 Bf6 27. Bxf6 Rxf6 28. Qg7 Rhf8 29. Rfe1 R8f7 30. Qh6 Nc3 31. Ra1 g5 32. Qh8 Rf8 33. Rxe7+ Kb6 34. Qg7 Kc5 35. Qxg5+ Nd5 36. Qd2 Qc4 37. Ree1 Qc3 38. Qf2+ Kd6 39. Qg3+ Kc5 40. Qf2+ Kd6 41. Qg3+ Rf4 42. Ne5 Qxg3 43. hxg3 Rf2 44. Nc4+ Kc5 45. Ne5 Kb5 46. Rac1 Rh8+ 47. Kg1 Rd2 48. Nd3 Rxd3 49. cxd3 Nc3 50. Re5+ Ka4 51. Rc5 1-0


[Site "https://www.chess.com"]

[Event "Titled Tuesday Blitz July 11 Late 2023"]
[White "Nepomniachtchi, Ian"]
[Black "Mahdavi, Reza"]
[WhiteFideId "4168119"]
[BlackFideId "12595926"]
[WhiteElo "3114"]
[BlackElo "2773"]
[Result "1-0"]
[Round "3"]
[TimeControl "180+2"]
[Date "2023.07.11"]
[WhiteClock "0:02:06"]
[BlackClock "0:01:51"]
[Board "4"]

1. e4 c5 2. Nf3 d6 3. d4 cxd4 4. Nxd4 Nf6 5. Nc3 a6 6. Rg1 b5 7. g4 Bb7 8. a4 b4 9. Nd5 Nxd5 10. exd5 g6 11. Bg2 Qc7 12. Be3 Bg7 13. Qd2 O-O 14. Bh6 Rc8 15. Bxg7 Kxg7 16. Be4 Nd7 17. Qg5 Nc5 18. f3 e5 19. Nf5+ Kf8 20. Qf6 gxf5 21. gxf5 Nxe4 22. fxe4 Qxc2 23. Qxd6+ 1-0


[Site "https://www.chess.com"]

[Event "Titled Tuesday Blitz July 11 Late 2023"]
[White "Tanenbaum, Zachary"]
[Black "Erigaisi Arjun"]
[WhiteFideId "2060850"]
[BlackFideId "35009192"]
[WhiteElo "2747"]
[BlackElo "3097"]
[Result "1-0"]
[Round "3"]
[TimeControl "180+2"]
[Date "2023.07.11"]
[WhiteClock "0:00:03"]
[BlackClock "0:00:04"]
[Board "5"]

1. e4 c6 2. d4 d5 3. exd5 cxd5 4. Bd3 Nc6 5. c3 e6 6. Bf4 Bd6 7. Bg3 Nge7 8. Nf3 f6 9. c4 O-O 10. O-O Nb4 11. Be2 dxc4 12. Bxc4 b6 13. Nc3 Nbd5 14. Nxd5 exd5 15. Bb3 Bg4 16. Re1 Rc8 17. Qd3 Bxg3 18. hxg3 Qd6 19. Re2 Bf5 20. Qd2 Rc7 21. Rae1 Rfc8 22. Nh2 h5 23. Nf1 Kf8 24. Ne3 Be4 25. Nd1 a6 26. Nc3 Bf5 27. Re3 b5 28. Qe2 Bg4 29. Qd3 Bf5 30. Qe2 g6 31. Qf3 Bg4 32. Qf4 Qxf4 33. gxf4 Rd8 34. a3 Bc8 35. f3 h4 36. Kf2 Bb7 37. Bc2 Kf7 38. Rh1 Rh8 39. Bd3 Bc8 40. Bb1 Be6 41. Rhe1 Rc6 42. Ba2 Rh5 43. R3e2 Nf5 44. Nxd5 Nxd4 45. Rd2 Bxd5 46. Rxd4 Rc5 47. Rxd5 Rhxd5 48. Rd1 Ke6 49. Ke3 Rc4 50. Bxc4 bxc4 51. Rc1 Rd3+ 52. Ke2 Kd5 53. Rd1 Kd4 54. Rxd3+ cxd3+ 55. Kd2 Kc4 56. a4 a5 57. Ke3 f5 58. Kd2 Kd4 59. b3 1-0


[Site "https://www.chess.com"]

[Event "Titled Tuesday Blitz July 11 Late 2023"]
[White "Firouzja, Alireza"]
[Black "Boruchovsky, Avital"]
[WhiteFideId "12573981"]
[BlackFideId "2800055"]
[WhiteElo "3087"]
[BlackElo "2746"]
[Result "1-0"]
[Round "3"]
[TimeControl "180+2"]
[Date "2023.07.11"]
[WhiteClock "0:00:53"]
[BlackClock "0:00:06"]
[Board "6"]

1. d4 Nf6 2. c4 e6 3. Nc3 Bb4 4. Nf3 O-O 5. g3 d5 6. cxd5 exd5 7. Bg2 c6 8. O-O Re8 9. a3 Bd6 10. Bf4 Bxf4 11. gxf4 Nbd7 12. Ne5 Nf8 13. e3 N6d7 14. Qh5 Ng6 15. Kh1 Ndf8 16. Rg1 f6 17. Nd3 Qd7 18. Nc5 Qf7 19. Nxd5 b6 20. Ne4 Rxe4 21. Bxe4 cxd5 22. Qxd5 Rb8 23. Qxf7+ Kxf7 24. Rac1 Ne7 25. Rc7 a5 26. d5 Bb7 27. Rxb7 Rxb7 28. d6 Rd7 29. dxe7 Rxe7 30. Bd5+ Ke8 31. Rc1 Kd8 32. Rc6 Nd7 33. Be6 Nc5 34. f5 Nd3 35. Rd6+ 1-0


[Site "https://www.chess.com"]

[Event "Titled Tuesday Blitz July 11 Late 2023"]
[White "Korchmar, Vasiliy"]
[Black "Hong, Andrew"]
[WhiteFideId "24131750"]
[BlackFideId "2099438"]
[WhiteElo "2726"]
[BlackElo "3084"]
[Result "0-1"]
[Round "3"]
[TimeControl "180+2"]
[Date "2023.07.11"]
[WhiteClock "0:00:00"]
[BlackClock "0:00:43"]
[Board "7"]

1. e4 c5 2. Nf3 d6 3. d4 cxd4 4. Nxd4 Nf6 5. Nc3 Nc6 6. Be2 e5 7. Nf3 h6 8. O-O Be7 9. Re1 O-O 10. h3 a6 11. Bf1 Qc7 12. b3 Nd4 13. Bb2 Nxf3+ 14. Qxf3 b5 15. Bd3 Bb7 16. Ne2 d5 17. Ng3 Bb4 18. Re2 Bc3 19. Bxc3 Qxc3 20. Rae1 d4 21. Nf5 Rfe8 22. Nxh6+ Kf8 23. Nf5 Qc6 24. h4 g6 25. Ng3 Bc8 26. Nf1 Bg4 27. Qg3 Bxe2 28. Rxe2 Nh5 29. Qg5 Nf4 30. Re1 Kg7 31. g3 Nh3+ 0-1


[Site "https://www.chess.com"]

[Event "Titled Tuesday Blitz July 11 Late 2023"]
[White "Fedoseev, Vladimir"]
[Black "Jarovinsky, Alexey"]
[WhiteFideId "24130737"]
[BlackFideId "14115131"]
[WhiteElo "3074"]
[BlackElo "2722"]
[Result "1-0"]
[Round "3"]
[TimeControl "180+2"]
[Date "2023.07.11"]
[WhiteClock "0:00:30"]
[BlackClock "0:00:00"]
[Board "8"]

1. Nf3 Nc6 2. h4 e5 3. h5 e4 4. Nh4 d5 5. d3 Bc5 6. dxe4 Qf6 7. e3 dxe4 8. Nc3 Qe5 9. g3 Nf6 10. h6 g5 11. Ng2 Bg4 12. Be2 Rd8 13. Bd2 Qf5 14. Bxg4 Nxg4 15. Qe2 Qf3 16. Rg1 Nce5 17. O-O-O Qxe2 18. Nxe2 Nxf2 19. Rdf1 Nfg4 20. Bc3 Ke7 21. Rh1 f6 22. Bxe5 fxe5 23. Nc3 Nxe3 24. Nxe3 Bxe3+ 25. Kb1 Rhf8 26. Rxf8 Kxf8 27. Nxe4 Kf7 28. c3 Kg6 29. Kc2 Rf8 30. Kd3 Bb6 31. Ke2 g4 32. Rh4 Kf5 33. Nd2 Rf6 34. a4 1-0


[Site "https://www.chess.com"]

[Event "Titled Tuesday Blitz July 11 Late 2023"]
[White "Nazari, Arad"]
[Black "Duda, Jan-Krzysztof"]
[WhiteFideId "12577324"]
[BlackFideId "1170546"]
[WhiteElo "2721"]
[BlackElo "3058"]
[Result "0-1"]
[Round "3"]
[TimeControl "180+2"]
[Date "2023.07.11"]
[WhiteClock "0:00:15"]
[BlackClock "0:00:40"]
[Board "9"]

1. e4 e5 2. f4 d5 3. exd5 exf4 4. Nf3 Nf6 5. Bb5+ c6 6. dxc6 Nxc6 7. Nc3 Bd6 8. Qe2+ Be6 9. Nd4 Qd7 10. Nxe6 fxe6 11. b3 O-O 12. Bxc6 Qxc6 13. Bb2 e5 14. O-O-O Rac8 15. Kb1 e4 16. Rhf1 a6 17. Rde1 Rfe8 18. Qd1 b5 19. Ne2 Nd5 20. Nd4 Qd7 21. Qh5 Re5 22. Qh4 Be7 23. Qf2 Bc5 24. Qh4 g5 25. Qh6 Bxd4 26. Bxd4 Rc6 27. Qxc6 Qxc6 28. Bxe5 Nb4 29. Bc3 Nxc2 30. Kxc2 b4 31. g3 bxc3 32. gxf4 cxd2+ 33. Kxd2 gxf4 34. Rxf4 Qd6+ 35. Ke3 Qd3+ 36. Kf2 Qd2+ 0-1


[Site "https://www.chess.com"]

[Event "Titled Tuesday Blitz July 11 Late 2023"]
[White "Martinez Alcantara, Jose Eduardo"]
[Black "Haydon, David L"]
[WhiteFideId "3805662"]
[BlackFideId "415405"]
[WhiteElo "3017"]
[BlackElo "2719"]
[Result "1-0"]
[Round "3"]
[TimeControl "180+2"]
[Date "2023.07.11"]
[WhiteClock "0:01:28"]
[BlackClock "0:01:20"]
[Board "10"]

1. e4 c6 2. d4 d5 3. e5 Bf5 4. h4 h5 5. Bd3 Bxd3 6. Qxd3 e6 7. Nf3 Ne7 8. Bg5 Qc7 9. Nbd2 Nd7 10. c4 a6 11. O-O Nf5 12. Rac1 Nb6 13. b3 Be7 14. g3 Bxg5 15. Nxg5 dxc4 16. bxc4 Rd8 17. d5 cxd5 18. cxd5 Qxe5 19. Qb3 Nxd5 20. Qxb7 O-O 21. Ndf3 Qe2 22. a4 Nf6 23. Rfe1 Qa2 24. Qxa6 Ra8 25. Qb7 Rxa4 26. Rc8 Ra8 27. Qxf7+ 1-0


[Site "https://www.chess.com"]

[Event "Titled Tuesday Blitz July 11 Late 2023"]
[White "Jaferian, Koosha"]
[Black "Paravyan, David"]
[WhiteFideId "12507440"]
[BlackFideId "4194985"]
[WhiteElo "2718"]
[BlackElo "3015"]
[Result "0-1"]
[Round "3"]
[TimeControl "180+2"]
[Date "2023.07.11"]
[WhiteClock "0:00:04"]
[BlackClock "0:00:12"]
[Board "11"]

1. e4 e5 2. Nf3 Nf6 3. Nxe5 d6 4. Nf3 Nxe4 5. Nc3 Nxc3 6. dxc3 Be7 7. Be3 O-O 8. Bd3 Nd7 9. Qd2 Nf6 10. O-O-O Re8 11. h3 c5 12. Rhe1 Bd7 13. g4 Bc6 14. Nh4 g6 15. Bg5 Nd5 16. Bxe7 Rxe7 17. Qh6 Qf8 18. Qxf8+ Kxf8 19. Be4 Rae8 20. f3 Nxc3 21. bxc3 d5 22. Ng2 dxe4 23. fxe4 Rxe4 24. Rxe4 Rxe4 25. Rd3 Ra4 26. Ne3 Rxa2 27. Nc4 Ra1+ 28. Kb2 Rh1 29. Ne5 Ke7 30. Re3 Kf6 31. Kb3 Bd5+ 32. c4 Bg2 33. Nd7+ Kg7 34. Nxc5 Rxh3 35. Rxh3 Bxh3 36. g5 Bc8 37. Kc3 h6 38. gxh6+ Kxh6 39. Kd4 Kg7 40. Ke5 g5 41. Ne4 Kg6 42. Nd6 f6+ 43. Ke4 Bd7 44. Kd4 Bc6 45. Nc8 a5 46. Ne7+ Kf7 47. Nxc6 bxc6 48. Kc5 g4 49. Kxc6 a4 50. Kb7 a3 51. c5 a2 52. c6 a1=Q 53. c7 Qb2+ 54. Ka7 Qxc2 55. Kb7 g3 56. Kb8 g2 57. c8=N Ke6 58. Nb6 g1=Q 59. Kb7 Qgg2+ 60. Ka7 Qc7+ 61. Ka6 Qgb7+ 62. Kb5 Qbxb6+ 0-1


[Site "https://www.chess.com"]

[Event "Titled Tuesday Blitz July 11 Late 2023"]
[White "Andreikin, Dmitry"]
[Black "caropawn10"]
[WhiteFideId "4158814"]
[WhiteElo "3013"]
[BlackElo "2714"]
[Result "1-0"]
[Round "3"]
[TimeControl "180+2"]
[Date "2023.07.11"]
[WhiteClock "0:00:49"]
[BlackClock "0:00:06"]
[Board "12"]

1. e4 c6 2. Nf3 d5 3. d3 Bg4 4. h3 Bxf3 5. Qxf3 e6 6. g3 Nd7 7. Bg2 g6 8. O-O Bg7 9. Nd2 Ne7 10. Re1 O-O 11. h4 h6 12. Qe2 a5 13. Nf3 a4 14. a3 Qa5 15. Bd2 Qb5 16. Rab1 e5 17. h5 dxe4 18. Qxe4 f5 19. Qb4 Qxb4 20. Bxb4 c5 21. Bc3 Nc6 22. hxg6 Nd4 23. Nxd4 cxd4 24. Bb4 Rf6 25. Bxb7 Rb8 26. Bd5+ Kh8 27. Bf7 Rc8 28. c4 Rb6 29. f4 Bf6 30. Re2 Kg7 31. Rbe1 exf4 32. gxf4 Bh4 33. Rf1 Nc5 34. Re8 Rxe8 35. Bxc5 Reb8 36. Bxb6 Rxb6 37. c5 Rxb2 38. c6 Bd8 39. Re1 Rc2 40. Re8 Bc7 41. Re7 Rc1+ 42. Kg2 Bxf4 43. Bc4+ Kxg6 44. c7 Bxc7 45. Rxc7 Ra1 46. Kf3 Kg5 47. Rg7+ Kf6 48. Ra7 Rxa3 49. Kf4 Ra1 50. Ra6+ Kg7 51. Kxf5 a3 52. Ra7+ Kf8 53. Kg6 Ke8 54. Kxh6 Kd8 55. Kg5 Kc8 56. Kf5 Kb8 57. Ra6 Kb7 58. Ke5 Rh1 59. Rxa3 1-0


[Site "https://www.chess.com"]

[Event "Titled Tuesday Blitz July 11 Late 2023"]
[White "Rosen, Eric"]
[Black "Bortnyk, Mykola"]
[WhiteFideId "2032562"]
[BlackFideId "14120836"]
[WhiteElo "2707"]
[BlackElo "3003"]
[Result "0-1"]
[Round "3"]
[TimeControl "180+2"]
[Date "2023.07.11"]
[WhiteClock "0:00:00"]
[BlackClock "0:00:13"]
[Board "13"]

1. d4 f5 2. e4 fxe4 3. Nd2 Nf6 4. f3 d5 5. c3 g6 6. fxe4 dxe4 7. Nc4 Be6 8. Nh3 Bg7 9. Ng5 Bd5 10. Qa4+ c6 11. Ne5 Nfd7 12. Bf4 O-O 13. Bg3 e6 14. h4 b5 15. Qc2 Nxe5 16. dxe5 Nd7 17. O-O-O Qa5 18. b3 Nxe5 19. Be1 Rad8 20. Kb1 Qa3 21. Be2 Nd3 22. Bxd3 exd3 23. Rxd3 h6 24. Rxd5 Rxd5 25. Nxe6 Rf7 26. Nxg7 Kxg7 27. c4 Rdf5 28. Bc3+ Kh7 29. Rd1 Rf2 30. Bb2 Qf8 31. Qc3 b4 32. Qd4 c5 33. Qe5 Re7 34. Qd6 Qf7 35. h5 Ree2 36. hxg6+ Qxg6+ 37. Ka1 Qxd6 0-1


[Site "https://www.chess.com"]

[Event "Titled Tuesday Blitz July 11 Late 2023"]
[White "Deac, Bogdan-Daniel"]
[Black "Cugimura97"]
[WhiteFideId "1226380"]
[WhiteElo "2994"]
[BlackElo "2700"]
[Result "1/2-1/2"]
[Round "3"]
[TimeControl "180+2"]
[Date "2023.07.11"]
[WhiteClock "0:00:04"]
[BlackClock "0:01:17"]
[Board "14"]

1. b3 d5 2. Bb2 Nf6 3. e3 Bf5 4. c4 c6 5. cxd5 cxd5 6. Bb5+ Nc6 7. Nf3 Rc8 8. Nc3 a6 9. Bxc6+ Rxc6 10. Nd4 Rxc3 11. dxc3 Bg4 12. f3 Bd7 13. f4 e6 14. O-O Bc5 15. c4 O-O 16. Rc1 dxc4 17. bxc4 Qe7 18. Qf3 e5 19. fxe5 Qxe5 20. Qf4 Qxf4 21. Rxf4 Re8 22. Nc2 Rxe3 23. Bd4 Bxd4 24. Rxd4 Rc3 25. Rdd1 Rxc4 26. Nd4 Rxc1 27. Rxc1 Ne8 28. Rb1 b5 29. Nb3 Kf8 30. Nc5 Bf5 31. Rd1 Nc7 32. Rd8+ Ke7 33. Rb8 Be6 34. a3 Bc4 35. Rb6 a5 36. Nb7 a4 37. Nd6 Nd5 38. Ra6 Nc7 39. Rc6 Kd7 40. Rb6 Nd5 41. Ra6 Nc7 42. Rb6 Nd5 43. Ra6 Nc7 44. Rb6 1/2-1/2


[Site "https://www.chess.com"]

[Event "Titled Tuesday Blitz July 11 Late 2023"]
[White "He, Anthony"]
[Black "2KRK1"]
[WhiteFideId "2088215"]
[WhiteElo "2992"]
[BlackElo "2692"]
[Result "1-0"]
[Round "3"]
[TimeControl "180+2"]
[Date "2023.07.11"]
[WhiteClock "0:01:21"]
[BlackClock "0:00:00"]
[Board "15"]

1. d4 d6 2. Nc3 e5 3. dxe5 dxe5 4. Qxd8+ Kxd8 5. Nf3 f6 6. e4 c6 7. Bc4 Bg4 8. Be3 Nd7 9. O-O-O Kc7 10. h3 Bxf3 11. gxf3 Ne7 12. Be6 Nb6 13. a4 a5 14. f4 Ng6 15. fxe5 fxe5 16. Rhg1 Bb4 17. Ne2 Rad8 18. Rxd8 Rxd8 19. h4 Bf8 20. h5 Ne7 21. b3 h6 22. f4 Nd7 23. fxe5 Nc8 24. Bf4 Re8 25. Bf7 Rxe5 26. Nd4 Bd6 27. Bxe5 Bxe5 28. Ne6+ Kd6 29. Nxg7 Ne7 30. Ne8+ Kc5 31. Be6 Nf6 32. Nxf6 Bxf6 33. Rd1 Bg5+ 34. Kb1 b5 35. Rd7 bxa4 36. bxa4 Kb4 37. Bb3 Kc5 38. c3 Bf6 39. Kc2 Bg5 40. Kd3 Ng8 41. e5 Ne7 42. Ke4 Nc8 43. e6 Ne7 44. Ke5 Bh4 45. Rd3 Bg5 46. Rg3 Bh4 47. Rg4 Bg5 48. Rxg5 hxg5 49. h6 g4 50. h7 g3 51. Kf6 Ng6 52. e7 g2 53. e8=Q g1=Q 54. Qxg6 Qe3 55. Qf5+ Kb6 56. h8=Q Qxc3+ 57. Qe5 Qf3+ 58. Ke7 Qxb3 59. Qhb8+ 1-0


[Site "https://www.chess.com"]

[Event "Titled Tuesday Blitz July 11 Late 2023"]
[White "Esipenko, Andrey"]
[Black "Lavrik, Dmitry"]
[WhiteFideId "24175439"]
[BlackFideId "24113190"]
[WhiteElo "2985"]
[BlackElo "2687"]
[Result "0-1"]
[Round "3"]
[TimeControl "180+2"]
[Date "2023.07.11"]
[WhiteClock "0:00:01"]
[BlackClock "0:00:33"]
[Board "16"]

1. b3 e5 2. Bb2 Nc6 3. Nf3 e4 4. Nd4 Nxd4 5. Bxd4 d5 6. e3 h5 7. d3 Bf5 8. Nd2 Qg5 9. c4 exd3 10. cxd5 O-O-O 11. Qc1 Rxd5 12. Qc4 Qd8 13. Bxd3 Bxd3 14. Qxd3 c5 15. Qc4 Kb8 16. Bc3 Nf6 17. Nf3 Bd6 18. O-O Bc7 19. e4 Rd3 20. Ng5 Ng4 21. e5 Rxc3 22. Qxc3 Bxe5 23. Qc1 Bxa1 24. Nxf7 Qc7 25. h3 Qh2# 0-1


[Site "https://www.chess.com"]

[Event "Titled Tuesday Blitz July 11 Late 2023"]
[White "Mikhailov, Viacheslav"]
[Black "Maghsoodloo, Parham"]
[WhiteFideId "4187369"]
[BlackFideId "12539929"]
[WhiteElo "2686"]
[BlackElo "2977"]
[Result "0-1"]
[Round "3"]
[TimeControl "180+2"]
[Date "2023.07.11"]
[WhiteClock "0:00:01"]
[BlackClock "0:01:13"]
[Board "17"]

1. Nf3 Nf6 2. g3 c5 3. Bg2 Nc6 4. d4 cxd4 5. Nxd4 h5 6. O-O h4 7. Nc3 g6 8. Bg5 h3 9. Bxf6 hxg2 10. Bxh8 gxf1=Q+ 11. Kxf1 f6 12. Nd5 Kf7 13. Nb5 d6 14. Ndc7 Bh3+ 15. Kg1 Rc8 16. Qd5+ e6 17. Qe4 Bf5 18. Qh4 g5 19. Qh5+ Bg6 20. Qf3 a6 21. Nxe6 Kxe6 22. Nc3 d5 23. Rd1 d4 24. e4 Ne5 25. Qe2 Bc5 26. Nd5 Qxh8 27. b4 Bh5 0-1


[Site "https://www.chess.com"]

[Event "Titled Tuesday Blitz July 11 Late 2023"]
[White "Van Foreest, Jorden"]
[Black "Rastbod, Ali"]
[WhiteFideId "1039784"]
[BlackFideId "12567477"]
[WhiteElo "2975"]
[BlackElo "2674"]
[Result "0-1"]
[Round "3"]
[TimeControl "180+2"]
[Date "2023.07.11"]
[WhiteClock "0:00:14"]
[BlackClock "0:00:08"]
[Board "18"]

1. e4 e6 2. d4 d5 3. Nd2 Be7 4. c3 c5 5. Ngf3 cxd4 6. Nxd4 dxe4 7. Nxe4 e5 8. Bb5+ Bd7 9. Bxd7+ Qxd7 10. Nf3 Qxd1+ 11. Kxd1 f5 12. Ng3 e4 13. Nd4 g6 14. Nb5 Na6 15. Be3 b6 16. Kc2 Nf6 17. Rhd1 O-O 18. Ne2 Rfc8 19. Nf4 Nb4+ 20. Kb3 Nc6 21. Nd5 Kf7 22. Nxe7 Kxe7 23. f3 exf3 24. gxf3 Ne8 25. Bg5+ Ke6 26. Re1+ Kf7 27. Rad1 a6 28. Rd7+ Kg8 29. Nd4 Nxd4+ 30. cxd4 a5 31. Ree7 b5 32. Rxh7 a4+ 33. Kb4 Rc4+ 34. Kxb5 Rc2 35. Rh6 Rxb2+ 36. Kc4 Rc8+ 37. Kd3 Rb6 38. Bf4 Nf6 39. Rc7 Rxc7 40. Bxc7 Re6 41. Be5 Nd5 42. Rh8+ Kf7 43. Rh7+ Ke8 44. Kc4 Nb6+ 45. Kc5 Nd7+ 46. Kd5 Ra6 47. Bd6 Nf6+ 48. Ke5 Nxh7 49. d5 Kd7 50. Bc5 Ng5 51. Kf4 Nf7 52. Bb4 Rb6 53. a3 Rxb4+ 0-1


[Site "https://www.chess.com"]

[Event "Titled Tuesday Blitz July 11 Late 2023"]
[White "Nefedov, Sergey"]
[Black "Sviridov, Valery"]
[WhiteFideId "24113417"]
[BlackFideId "4120680"]
[WhiteElo "2671"]
[BlackElo "2972"]
[Result "1/2-1/2"]
[Round "3"]
[TimeControl "180+2"]
[Date "2023.07.11"]
[WhiteClock "0:00:17"]
[BlackClock "0:00:25"]
[Board "19"]

1. d4 Nf6 2. Nf3 b6 3. g3 Bb7 4. Bg2 g6 5. O-O Bg7 6. Re1 O-O 7. Nc3 Ne4 8. Nxe4 Bxe4 9. Ng5 Bxg2 10. Kxg2 d5 11. Bf4 c5 12. c3 Nc6 13. Nf3 Rc8 14. Qd2 e6 15. Rad1 Qe7 16. Bh6 Rfd8 17. Bxg7 Kxg7 18. h4 h6 19. Qf4 Qf6 20. e3 Rd7 21. Ne5 Nxe5 22. dxe5 Qxf4 23. gxf4 h5 24. Kf3 Kf8 25. Rd2 Ke7 26. Red1 Rcd8 27. Ke2 b5 28. Kd3 a5 29. a3 Rb8 30. Kc2 Rdb7 31. f3 b4 32. axb4 cxb4 33. Ra1 bxc3 34. bxc3 Rb2+ 35. Kd3 Rxd2+ 36. Kxd2 Rb2+ 37. Kd3 Rf2 38. Rxa5 Rxf3 39. Ra7+ Kf8 40. Ra8+ Kg7 41. Kd4 Rh3 42. e4 dxe4 43. c4 Rxh4 44. Ke3 Rh1 45. Kxe4 h4 46. Ra2 h3 47. Kf3 Rc1 48. Rh2 Rxc4 49. Rxh3 Rc3+ 50. Kg4 Rxh3 51. Kxh3 f6 52. exf6+ Kxf6 53. Kg4 Kf7 54. Kf3 Kg7 55. Kg3 Kh7 56. Kh3 Kg8 57. Kg4 Kf7 58. Kf3 Ke7 59. Ke3 Kd7 60. Kd3 Kc6 61. Kc4 Kd6 62. Kd4 Kd7 63. Kd3 Ke7 64. Ke3 Kf7 65. Kf3 1/2-1/2


[Site "https://www.chess.com"]

[Event "Titled Tuesday Blitz July 11 Late 2023"]
[White "Makarian, Rudik"]
[Black "Schnaider, Ilan"]
[WhiteFideId "44105681"]
[BlackFideId "169013"]
[WhiteElo "2967"]
[BlackElo "2670"]
[Result "1-0"]
[Round "3"]
[TimeControl "180+2"]
[Date "2023.07.11"]
[WhiteClock "0:00:12"]
[BlackClock "0:00:20"]
[Board "20"]

1. d4 d5 2. c4 c6 3. Nf3 Nf6 4. Nc3 e6 5. Bg5 h6 6. Bxf6 Qxf6 7. a3 g6 8. e4 dxe4 9. Nxe4 Qe7 10. Bd3 Bg7 11. O-O Nd7 12. c5 O-O 13. Re1 a5 14. Rc1 Rd8 15. Qc2 a4 16. h4 Nf6 17. Nd6 Nd5 18. Ne5 Rxd6 19. cxd6 Qxd6 20. g3 Nf6 21. Rcd1 Nd7 22. Bc4 Nb6 23. Ba2 Bd7 24. Bb1 Nd5 25. Rd3 Be8 26. Rf3 Ne7 27. h5 Nf5 28. hxg6 fxg6 29. Qe4 Rd8 30. Rd3 Qe7 31. Ba2 Rd6 32. Nf3 Bf7 33. Ne5 Be8 34. Nc4 Rd8 35. Red1 Bf7 36. Ne5 Be8 37. Ng4 Rd6 38. Ne3 Nxd4 39. Rxd4 Bxd4 40. Rxd4 Bf7 41. Qe5 Rxd4 42. Qxd4 b5 43. Ng4 Qg5 44. Nf6+ Kg7 45. Ne4+ e5 46. Nxg5 exd4 47. Nxf7 d3 48. Bb1 d2 49. Bc2 Kxf7 50. Kf1 g5 51. g4 Ke6 52. Ke2 Ke5 53. Kxd2 Kf4 54. Bd1 c5 55. Kc3 Ke4 56. Be2 c4 57. Kb4 Kd4 58. Kxb5 c3 59. bxc3+ Kxc3 60. Kxa4 Kd2 61. Bb5 Ke1 62. Be8 Kxf2 63. Bh5 Ke3 64. Kb5 Kd4 65. a4 Kd5 66. a5 1-0


[Site "https://www.chess.com"]

[Event "Titled Tuesday Blitz July 11 Late 2023"]
[White "Chigaev, Maksim"]
[Black "Shuvalova, Polina"]
[WhiteFideId "4108116"]
[BlackFideId "24171760"]
[WhiteElo "2949"]
[BlackElo "2667"]
[Result "1-0"]
[Round "3"]
[TimeControl "180+2"]
[Date "2023.07.11"]
[WhiteClock "0:00:12"]
[BlackClock "0:00:18"]
[Board "21"]

1. e4 c6 2. Nf3 d5 3. d3 g6 4. Qe2 Bg7 5. g3 Nd7 6. Bg2 e5 7. O-O Ne7 8. exd5 cxd5 9. c4 dxc4 10. dxc4 O-O 11. Nc3 Qc7 12. Rd1 a6 13. Bg5 f6 14. Be3 Re8 15. Rac1 Nf8 16. Nd2 Bf5 17. Nd5 Nxd5 18. cxd5 Qf7 19. g4 Bd7 20. Ne4 Red8 21. Bb6 Bb5 22. Qc2 Rd7 23. a4 f5 24. Nc5 Rd6 25. Ba5 Be8 26. Bb4 Rc8 27. Qb3 Rb6 28. a5 Rb5 29. Bf1 Rxb4 30. Qxb4 e4 31. d6 Bc6 32. Bc4 1-0


[Site "https://www.chess.com"]

[Event "Titled Tuesday Blitz July 11 Late 2023"]
[White "Omelja, Artem"]
[Black "Svane, Rasmus"]
[WhiteFideId "14119846"]
[BlackFideId "4657101"]
[WhiteElo "2657"]
[BlackElo "2944"]
[Result "0-1"]
[Round "3"]
[TimeControl "180+2"]
[Date "2023.07.11"]
[WhiteClock "0:00:00"]
[BlackClock "0:00:07"]
[Board "22"]

1. d4 d5 2. c4 e6 3. Nc3 h6 4. Nf3 a6 5. cxd5 exd5 6. Bf4 Nf6 7. e3 Bd6 8. Bxd6 Qxd6 9. Qc2 O-O 10. Bd3 Nc6 11. a3 Bg4 12. h3 Bxf3 13. gxf3 Ne7 14. f4 c5 15. dxc5 Qxc5 16. Ne2 Qb6 17. Nd4 Rac8 18. Qb3 Qa5+ 19. Qb4 Qxb4+ 20. axb4 Nc6 21. Nxc6 Rxc6 22. Kd2 Ne4+ 23. Bxe4 dxe4 24. Rac1 Rd8+ 25. Ke2 Rdc8 26. Rxc6 Rxc6 27. Rd1 Rc4 28. Rd8+ Kh7 29. Rd4 Rc2+ 30. Ke1 f5 31. Rd7 b5 32. Rd2 Rxd2 33. Kxd2 Kg6 34. Kc3 Kh5 35. Kd4 Kh4 36. Ke5 Kxh3 37. Kxf5 h5 38. Kxe4 Kg4 0-1


[Site "https://www.chess.com"]

[Event "Titled Tuesday Blitz July 11 Late 2023"]
[White "Zakhartsov, Vladimir"]
[Black "Adewumi, Tanitoluwa"]
[WhiteFideId "4145097"]
[BlackFideId "30966396"]
[WhiteElo "2936"]
[BlackElo "2652"]
[Result "1/2-1/2"]
[Round "3"]
[TimeControl "180+2"]
[Date "2023.07.11"]
[WhiteClock "0:00:20"]
[BlackClock "0:00:44"]
[Board "23"]

1. d4 Nf6 2. c4 e6 3. Nf3 b6 4. a3 Bb7 5. Nc3 d5 6. cxd5 Nxd5 7. Qc2 Be7 8. e4 Nxc3 9. bxc3 c5 10. Bf4 O-O 11. Bd3 cxd4 12. cxd4 Nc6 13. Be3 Rc8 14. Qe2 f5 15. exf5 exf5 16. O-O f4 17. Bc1 Bf6 18. Bb2 Nxd4 19. Bxd4 Bxd4 20. Rad1 Bxf3 21. Qxf3 Qf6 22. Bxh7+ Kxh7 23. Qe4+ Qg6 24. Qxd4 f3 25. g3 Qf5 26. Rfe1 Qh3 27. Qd3+ Rf5 28. Qf1 Qxf1+ 29. Kxf1 Rc3 30. Re3 Rxe3 31. fxe3 Rc5 32. Kf2 Rc3 33. a4 Rc4 34. Rd4 Rc2+ 35. Kxf3 Rxh2 36. Rd7 a5 37. Rd4 Rb2 38. Ke4 Kg6 39. Kd5 Rb3 40. Re4 Kf5 41. Re7 Kf6 42. Re6+ Kf7 43. Re4 b5 44. axb5 Rxb5+ 45. Kc6 Rb4 46. Re5 a4 47. Ra5 Re4 48. Kd5 Rxe3 49. Rxa4 Rxg3 50. Ke5 Rf3 51. Ra6 Rf6 52. Rxf6+ gxf6+ 53. Kf5 Ke7 54. Kf4 Ke6 55. Ke4 f5+ 56. Kf4 Kf6 57. Kf3 Ke5 58. Ke3 f4+ 59. Kf3 Kf5 60. Kf2 Ke4 61. Ke2 f3+ 62. Kf2 Kf4 63. Kf1 Ke3 64. Ke1 f2+ 65. Kf1 Kf3 1/2-1/2


[Site "https://www.chess.com"]

[Event "Titled Tuesday Blitz July 11 Late 2023"]
[White "Bjelobrk, Igor"]
[Black "Tahbaz, Arash"]
[WhiteFideId "4300726"]
[BlackFideId "12528846"]
[WhiteElo "2635"]
[BlackElo "2934"]
[Result "0-1"]
[Round "3"]
[TimeControl "180+2"]
[Date "2023.07.11"]
[WhiteClock "0:00:22"]
[BlackClock "0:00:52"]
[Board "24"]

1. d4 g6 2. e4 Bg7 3. Nf3 d6 4. Bd3 Nd7 5. O-O e5 6. c3 Ngf6 7. Re1 O-O 8. dxe5 dxe5 9. a4 a5 10. Na3 Nc5 11. Bc2 Qxd1 12. Rxd1 Nfxe4 13. Be3 Be6 14. b4 Nxa4 15. Bxe4 Nxc3 16. Bxb7 Rab8 17. Bc6 axb4 18. Nc2 b3 19. Na3 b2 20. Rab1 Bf5 21. Bc5 Nxd1 22. Rxd1 Rfd8 0-1


[Site "https://www.chess.com"]